 Dungeon Crawl Stone Soup version 0.30-a0-937-ga0a21ad780 (webtiles) character file.

Game seed: 5792701184613297529

16 kae the Ruffian (level 2, -3/25 HPs)
             Began as a Naga Transmuter on Mar 24, 2023.
             Slain by a worm (11 damage)
             ... on level 2 of the Dungeon.
             The game lasted 00:01:17 (892 turns).

kae the Ruffian (Naga Transmuter)                    Turns: 892, Time: 00:01:17

Health: -3/25      AC:  1    Str: 12    XL:     2   Next: 54%
Magic:  4/5        EV:  9    Int: 13    God:
Gold:   81         SH:  0    Dex: 11    Spells: 4/5 levels left

rFire   . . .      SeeInvis +    g - +0 dagger (flame)
rCold   + . .      Faith    .    (no shield)
rNeg    . . .      Spirit   .    a - +0 robe
rPois   +          Reflect  .    (helmet currently unavailable)
rElec   .          Rampage  .    (no cloak)
rCorr   .                        (no gloves)
Will    .....                    (no barding)
Stlth   +                        (no amulet)
HPRegen 0.24/turn                c - ring of protection from cold
MPRegen 0.09/turn                (no ring)

@: short of breath, appendages, very slow
A: horns 2, AC +0, large, see invisible, deformed body, poison resistance,
slowness 2, spit poison 1, naga tail 1
a: Spit Poison, End Transformation


You were on level 2 of the Dungeon.
You had temporarily grown beastly horns.
You visited 1 branch of the dungeon, and saw 2 of its levels.

You collected 81 gold pieces.


Innate Abilities, Weirdness & Mutations

You have temporarily grown beastly horns.
Your serpentine skin is tough. (AC +0)
You have supernaturally acute eyesight. (SInv)
Armour fits poorly on your strangely shaped body.
Your system is resistant to poisons. (rPois)
You cover ground very slowly.
You can spit poison.
You have a snake-like lower body.


   Skills:
 - Level 1.0 Fighting
 - Level 1.5 Dodging
 + Level 3.2 Unarmed Combat
 + Level 2.2 Spellcasting
 * Level 2.6 Transmutations


You had 4 spell levels left.
You knew the following spells:

 Your Spells              Type           Power      Damage    Failure   Level
a - Beastly Appendage     Tmut           16%        N/A       9%          1

Your spell library contained the following spells:

 Spells                   Type           Power      Damage    Failure   Level
 Wereblood                Tmut           8%         N/A       13%         2
 Spider Form              Tmut/Pois      4%         N/A       41%         3
 Ice Form                 Ice/Tmut       4%         N/A       82%         4

Inventory:

Hand Weapons
 g - a +0 dagger of flaming (weapon)
   (You took it off a goblin on level 1 of the Dungeon)
Missiles
 h - 11 stones
Armour
 a - a +0 robe (worn)
Magical Staves
 j - a staff of fire {!a}
   (You found it on level 1 of the Dungeon)
Jewellery
 c - a ring of protection from cold (left hand)
   (You found it on level 1 of the Dungeon)
 C - a ring of ice
   (You found it on level 1 of the Dungeon)
Scrolls
 d - a scroll of identify {@r1}
Potions
 b - a potion of lignification {!q}
 e - a potion of flight

Dungeon Overview and Level Annotations

Branches:
Dungeon (2/15) Zot: 10848

Altars:

## .# .#
##.#########
.#
.......<†..#
.#
...#######.#
.# #.##w##.#
#..@....#
#..###..#
#..# # ##.#
#.. ####


You could see a worm.


Message History

You see here a +0 sling.
Done exploring.
Done exploring.
Done exploring.
As you read the scroll labelled MUELEO AWAB, it crumbles to dust.
The scroll dissolves into smoke.
It was a scroll of fog.
Unknown command.
As you read the scroll labelled VIBIPU PAUFE, it crumbles to dust.
You assume a fearsome visage.
Nothing appears to happen.
It was a scroll of fear.
Unknown command.
As you read the scroll labelled XACSORR TASEUT, it crumbles to dust.
It is a scroll of amnesia.
Really abort (and waste the scroll)?
Okay, then.
As you read the scroll labelled YDWAUHEDUGG, it crumbles to dust.
It is a scroll of identify.
e - a potion of flight
Okay, then.
Okay, then.
Okay, then.
(D) Dungeon
Where to? (? - help)
There is a stone staircase leading down here.
You climb downwards.
There is a stone staircase leading up here.
A bat is nearby!
A bat is nearby!
Casting: Beastly Appendage (safe; 9% risk of failure)
Confirm with . or Enter, or press ? or * to list all spells.
You grow a pair of large bovine horns.
The bat hits you. x2
Your transformation is almost over.
The bat hits you but does no damage. The bat barely misses you.
The bat hits you. 😕 HP[-3] MP[-1]
You take 3 damage, and now have 22/25 hp.
You lost 1 mp, and now have 4/5 mp.
A bat is nearby!
You closely miss the bat. The bat closely misses you. The bat hits you.
You hit the bat. You burn the bat. The bat hits you. The bat barely misses you.
The bat hits you. 😕 HP[-2]
You take 2 damage, and now have 20/25 hp.
A bat is nearby!
A bat is nearby!
You barely miss the bat. The bat hits you but does no damage.
The bat closely misses you.
You miss the bat. Your headbutt misses the bat.
The bat hits you but does no damage. The bat closely misses you.
A bat is nearby!
You barely miss the bat. Your headbutt misses the bat.
The bat hits you but does no damage. x2
You miss the bat. The bat hits you but does no damage. The bat hits you.
A bat is nearby!
A bat is nearby!
Unknown command.
A bat is nearby!
You hit the bat. You burn the bat.
You kill the bat!
No target in view!
Your horns disappear.
You see here a bat corpse.
A worm comes into view. 😎 HP[+5] MP[+1]
Your hp is fully restored (25).
Your mp is fully restored (5).
The worm bites you. 😕 HP[-2]
You take 2 damage, and now have 23/25 hp.
A worm is nearby!
You hit the worm but do no damage. The worm closely misses you.
You hit the worm. You burn the worm. The worm bites you! 😮 HP[-8]
You take 8 damage, and now have 15/25 hp.
MASSIVE DAMAGE!! (PAUSE)
You are too injured to fight recklessly!
You are too injured to fight recklessly!
You are too injured to fight recklessly!
You are too injured to fight recklessly!
Unknown command.
Casting: Beastly Appendage (safe; 9% risk of failure)
Confirm with . or Enter, or press ? or * to list all spells.
You grow a pair of large bovine horns.
The worm closely misses you. 😮 MP[-1]
You lost 1 mp, and now have 4/5 mp.
You are too injured to fight recklessly!
You are too injured to fight recklessly!
You are too injured to fight recklessly!
You are too injured to fight recklessly!
You barely miss the worm. You headbutt the worm.
Aiming: Spit Poison (2% risk of failure)
Press: ? - help, Shift-Dir - straight line, f - worm
Aim: a worm (moderately wounded, 86% to hit)
The splash of poison hits the worm.
The worm bites you!
* * * LOW HITPOINT WARNING * * *
😨 HP[-7]
You take 7 damage, and now have 8/25 hp.
MASSIVE DAMAGE!! (PAUSE)
You hit the worm but do no damage. You headbutt the worm. The worm bites you!
You die...

Action                     || total
---------------------------++-------
  Melee: Unarmed           ||    16
         Headbutt          ||     4
         Dagger            ||    29
   Cast: Beastly Appendage ||    10
Ability: Spit Poison       ||     3
    Use: Scroll            ||     4
 Armour: Robe              ||    20
  Dodge: Dodged            ||    28

Levels and vault maps discovered:
D:1:      ldierk_walled_garden_2, layout_basic,
          shapermc_ecumenical_altar_totnotflames, minmay_pentomino_w2
D:2:      layout_loops_ring

Notes
Turn   | Place    | Note
-------+----------+-------------------------------------------
     0 | D:1      | kae the Naga Transmuter began the quest for the Orb.
     0 | D:1      | Reached XP level 1. HP: 18/18 MP: 3/3
     0 | D:1      | magus.rc [v1.11.3]
   145 | D:1      | Reached XP level 2. HP: 24/25 MP: 3/5
   734 | D:1      | Found a faded altar of an unknown god.
   892 | D:2      | Slain by a worm

Vanquished Creatures
  A ball python (D:1)
  2 endoplasms (D:1)
  A giant cockroach (D:1)
  2 kobolds (D:1)
  3 bats
  3 frilled lizards (D:1)
  2 goblins (D:1)
  A rat (D:1)
15 creatures vanquished.

Vanquished Creatures (others)
  4 toadstools (D:1)
4 creatures vanquished.

Grand Total: 19 creatures vanquished

Table legend:
 A = Non-vault XP
 B = Vault XP
 C = Vault XP percentage of total XP
 D = Non-vault monster count
 E = Vault monster count
 F = Vault count percentage of total count
                 A         B        C        D         E       F
            +---------+---------+-------+---------+---------+-------
      Total |      22 |       1 |   4.3 |      14 |       1 |   6.7
            +---------+---------+-------+---------+---------+-------
        D:1 |      20 |       1 |   4.8 |      13 |       1 |   7.1
        D:2 |       2 |       0 |   0.0 |       1 |       0 |   0.0
            +---------+---------+-------+---------+---------+-------

Illustrated notes

Table legend:
 A = Kills in this place as a percentage of kills in the entire game.
 B = Kills by you in this place as a percentage of kills by you in the entire game.
 C = Kills by friends in this place as a percentage of kills by friends in the entire game.
 D = Other kills in this place as a percentage of other kills in the entire game.
 E = Experience gained in this place as a percentage of experience gained in the entire game.
 F = Experience gained in this place divided by the number of levels of this place that you have seen.
                   A       B       C       D       E      F
               +-------+-------+-------+-------+-------+----------------------
         Total | 100.0 | 100.0 |   N/A |   N/A | 100.0 |  11.5
       Dungeon | 100.0 | 100.0 |   N/A |   N/A | 100.0 |  11.5
               +-------+-------+-------+-------+-------+----------------------

Table legend: (Time is in decaauts)
 A = Elapsed time spent in this place.
 B = Non-inter-level travel time spent in this place.
 C = Inter-level travel time spent in this place.
 D = Time resting spent in this place.
 E = Time spent auto-exploring this place.
 F = Levels seen in this place.
 G = Mean time per level.
                   A        B        C        D        E       F      G
               +--------+--------+--------+--------+--------+-----+--------+
         Total |   1151 |   1126 |     25 |     31 |    950 |   2 |  575.5 |
       Dungeon |   1151 |   1126 |     25 |     31 |    950 |   2 |  575.5 |
               +--------+--------+--------+--------+--------+-----+--------+

Top non-repeatable levels by time:
     D:1: 1108 daAuts
     D:2: 43 daAuts
